 Dungeon Crawl Stone Soup version 0.31-a0-202-g547052bce9 (webtiles) character file.

Game seed: 3282175777669373625

152591 porpoise the Marksfrog (level 17, -6/129 HPs)
             Began as a Barachi Hunter on June 27, 2023.
             Was the Champion of Hepliaklqana.
             Shot with an arrow by a naga sharpshooter (9 damage)
             ... on level 1 of the Snake Pit.
             The game lasted 01:36:28 (24795 turns).

porpoise the Marksfrog (Barachi Hunter)            Turns: 24795, Time: 01:36:28

Health: -6/129     AC: 21    Str: 18    XL:     17   Next: 58%
Magic:  21/24      EV: 27    Int: 13    God:    Hepliaklqana [******]
Gold:   2053       SH:  5    Dex: 31    Spells: 16/16 levels left

rFire   + . .        b - +5 rapier of Discomfort {vamp, rC+ Will+ Str+5 Dex+4}
rCold   + + .        (no shield)
rNeg    . . .        F - +6 ring mail "Yfomm" {Will- Int+3 Dex+4}
rPois   +            V - +2 helmet {SInv}
rElec   .            y - scarf {rC+ rF+}
rCorr   .            u - +1 pair of gloves
SInv    +            m - +0 pair of boots
Will    +....        w - amulet of reflection
Stlth   ++++         T - +5 ring of evasion
HPRegen 0.41/turn    X - ring of poison resistance
MPRegen 0.19/turn

%: reflection
@: about to teleport, weakened, invisible, slow
A: reduced essence, amphibious, slowness 1, strong legs 2, +LOS
a: Hop, Renounce Religion, Recall Ancestor, Ancestor Identity, Transference,
Idealise


You were on level 1 of the Snake Pit.
You worshipped Hepliaklqana.
Hepliaklqana was exalted by your worship.
You visited 5 branches of the dungeon, and saw 24 of its levels.
You also visited: Volcano.

You collected 2382 gold pieces.
You spent 329 gold pieces at shops.

Inventory:

Hand Weapons
 a - a +1 heavy orcbow
 b - the +5 rapier of Discomfort (weapon) {vamp, rC+ Will+ Str+5 Dex+4}
   (You found it on level 11 of the Dungeon)

   Str:       It affects your strength (+5).
   Dex:       It affects your dexterity (+4).
   rC:        It protects you from cold.
   Will:      It increases your willpower.
Missiles
 k - 4 poisoned darts
Armour
 m - a +0 pair of boots (worn)
 u - a +1 pair of gloves (worn)
 y - a scarf of resistance (worn)
 F - the +6 ring mail "Yfomm" (worn) {Will- Int+3 Dex+4}
   (You found it on level 4 of the Dungeon)

   Int:       It affects your intelligence (+3).
   Dex:       It affects your dexterity (+4).
   Will:      It decreases your willpower.
 V - a +2 helmet of see invisible (worn)
Magical Staves
 p - a staff of conjuration
Jewellery
 w - an amulet of reflection (around neck)
 x - a ring of fire
 S - a ring of willpower
 T - a +5 ring of evasion (left hand)
 X - a ring of poison resistance (right hand)
Wands
 c - a wand of light (15)
 d - a wand of flame (28)
 l - a wand of digging (3)
 I - a wand of paralysis (23)
 K - a wand of roots (12)
 P - a wand of mindburst (11)
Scrolls
 j - 3 scrolls of teleportation
 n - 2 scrolls of fog
 o - a scroll of poison
 r - 2 scrolls of blinking
 s - a scroll of immolation
 t - 2 scrolls of vulnerability
 v - 2 scrolls of butterflies
 z - a scroll of enchant armour
 H - 3 scrolls of revelation
 Q - 2 scrolls of silence
 R - 3 scrolls of identify
 Y - a scroll of fear
Potions
 f - 6 potions of enlightenment
 g - a potion of cancellation
 h - 8 potions of curing
 i - 4 potions of haste
 q - 4 potions of ambrosia
 B - a potion of lignification
 G - 3 potions of resistance
 J - a potion of invisibility
 N - a potion of heal wounds
 O - 4 potions of attraction
 U - a potion of might
Miscellaneous
 e - a tin of tremorstones (1/2)
 C - a sack of spiders (inert)
 W - a lightning rod (4/4)
 Z - a phantom mirror


   Skills:
 - Level 16.0 Fighting
 + Level 11.6 Short Blades
 - Level 3.4 Staves
 - Level 16.0 Ranged Weapons
 - Level 12.0 Armour
 + Level 10.7 Dodging
 - Level 7.0 Stealth
 - Level 9.6 Invocations
 - Level 7.1 Evocations


You had 16 spell levels left.
You didn't know any spells.
Your spell library contained the following spells:

 Spells                   Type           Power      Damage    Failure   Level
 Magic Dart               Conj           0%         1d3       43%         1
 Slow                     Hex            0%         N/A       43%         1
 Call Imp                 Summ           0%         N/A       56%         2
 Lesser Beckoning         Tloc           0%         N/A       56%         2
 Searing Ray              Conj           0%         2d4       56%         2
 Sublimation of Blood     Necr           0%         N/A       56%         2
 Confusing Touch          Hex            0%         N/A       80%         3
 Gell's Gravitas          Tloc           0%         N/A       80%         3
 Ignite Poison            Fire/Tmut/Pois 0%         N/A       80%         3
 Mephitic Cloud           Conj/Pois/Air  0%         N/A       80%         3
 Ozocubu's Armour         Ice            0%         N/A       80%         3
 Stone Arrow              Conj/Erth      0%         3d7       80%         3
 Teleport Other           Tloc           0%         N/A       80%         3
 Vampiric Draining        Necr           0%         2d6       80%         3
 Animate Armour           Summ/Erth      0%         N/A       99%         4
 Fulminant Prism          Conj/Hex       0%         3d5       99%         4
 Petrify                  Tmut/Erth      0%         N/A       99%         4
 Sticky Flame             Conj/Fire      0%         2d3       99%         4
 Irradiate                Conj/Tmut      0%         3d11      100%        5
 Ozocubu's Refrigeration  Ice            0%         4d7       100%        7
 Ignition                 Fire           0%         3d3       100%        8
 Lehudib's Crystal Spear  Conj/Erth      0%         10d2      100%        8


Dungeon Overview and Level Annotations

Branches:
Dungeon (15/15)            Temple (1/1) D:6            Lair (5/5) D:11
 Shoals (0/4) Lair:2        Snake (1/4) Lair:3        Slime (0/5) Lair:4
    Orc (2/2) D:11            Elf (0/3) Orc:2        Vaults (0/5) D:14
 Depths (0/4) D:15        Volcano (visited)

Altars:
Ashenzari
Cheibriados
Dithmenos
Elyvilon
Fedhas
Gozag
Hepliaklqana
Kikubaaqudgha
Makhleb
Nemelex Xobeh
Okawaru
Qazlal
Ru
Sif Muna
Trog
Uskayaw
Vehumet
Wu Jian
Xom
Yredelemnul
Zin
The Shining One
Jiyva

Shops:
D:4 *   Orc:1 *   Orc:2 *=(*(

Annotations:
D:9 exclusion: door
D:10 exclusion: orange crystal statue
D:13 2 transporters, Jamimocw's ghost, journeyman MiGl
Snake:1 1 transporter


Innate Abilities, Weirdness & Mutations

Your life essence is reduced to manifest your ancestor. (-10% HP)
You are amphibious.
You cover ground slowly.
You can hop long distances.
You have an extended range of vision and can be seen from far away.


Message History

Nikki burns the plant.
The shock serpent's electric aura discharges violently, shocking Nikki!
The shock serpent completely misses Nikki.
The black mamba misses you.
The shock serpent shoots out a bolt of lightning at Nikki!
The bolt of electricity hits Nikki!!
The bolt of electricity hits the plant!!
The plant begins to die.
The black mamba completely misses you.
The naga sharpshooter shoots an arrow.
The arrow barely misses you.
The arrow hits the plant.
You strike the helpless black mamba from behind!
You skewer the black mamba like a kebab!!!
You kill the black mamba!
The shock serpent bites Nikki but does no damage.
The naga spits poison at you.
The splash of poison hits you but does no damage.
You resist.
A naga mage comes into view. It is wielding a +0 flail.
Nikki closely misses the shock serpent.
Nikki hits the plant with a +0 broad axe of flaming!!
Nikki burns the plant.
The naga sharpshooter mumbles some strange words.
The naga sharpshooter magically shoots an arrow.
The arrow closely misses you.
A naga comes into view. It is wielding a +0 glaive.
As you read the scroll of teleportation, it crumbles to dust.
You feel strangely unstable.
A nearby plant withers and dies.
The shock serpent misses Nikki.
The salamander tyrant rends the earth beneath you!
The blast of magma engulfs the naga sharpshooter!!
The blast of magma engulfs the plant!!
The plant begins to die.
The blast of magma engulfs the plant!!!
The plant begins to die.
The blast of magma engulfs you!! You partially resist.
* * * LOW HITPOINT WARNING * * *
You block the naga's attack. x2
Nikki blocks the shock serpent's attack.
The naga sharpshooter mumbles some strange words.
The naga sharpshooter magically shoots an arrow.
The arrow hits you!
You die...

##..# ##..# ##..##
##########..##
###......†..#..#
........§†≈....#
########≈.~..P.##
#.#~..PN...S.###
#P.P~PP@†≈R.PP..
..P.PPP.NPN...P....
##.PP.PPP.P.N..P~P..
##......♣.♣♣..PPP..
#PPP...P♣♣


NP.PP.. ##P..... P~PP. #P.PP... ..PP. .....P.. ...# ....~... ~.P You could see
the friendly Nikki the knight (idealised), a naga sharpshooter, a salamander
tyrant (unable to see you), a shock serpent (unable to see you, ally target), a
naga mage and 2 nagas.

Vanquished Creatures
  An orc warlord (Orc:2)
  A very ugly thing (D:15)
  An ettin (Orc:2)
  A great orb of eyes (D:15)
  3 hydras
  3 rakshasas
  A merfolk avatar (Lair:5)
  4 anacondas
  4 boulder beetles
  4 ogre magi
  A catoblepas (D:12)
  10 two-headed ogres
  3 centaur warriors
  A naga warrior (Snake:1)
  3 tengu warriors
  An orc high priest (Orc:1)
  2 shock serpents (Snake:1)
  5 skysharks
  7 skeletal warriors
  2 deep trolls (Orc:2)
  A sea snake (Lair:5)
  A naga ritualist (Snake:1)
  Pikel (D:5)
  A lindwurm (Lair:5)
  2 deep elf pyromancers
  2 harpies (D:12)
  2 mana vipers (Snake:1)
  A necromancer (D:14)
  2 orc knights (D:15)
  14 ugly things
  An oklob plant (Lair:3)
  A salamander (Lair:3)
  5 manticores
  3 cyclopes
  8 elephants (Lair:4)
  8 black mambas
  A torpor snail (Lair:2)
  A guardian serpent (Lair:3)
  7 cane toads
  3 gargoyles
  2 naga magi (Snake:1)
  2 unseen horrors (D:12)
  An unseen horror (shapeshifter) (D:14)
  2 rime drakes
  2 freezing wraiths (D:14)
  A rime drake (shapeshifter) (D:14)
  3 yaktaurs
  15 komodo dragons
  A tengu conjurer (D:13)
  A merfolk (shapeshifter) (D:14)
  11 trolls
  A hornet (Lair:5)
  5 polar bears
  A hornet (shapeshifter) (D:15)
  3 blink frogs (Lair:3)
  6 slime creatures
  A jumping spider (shapeshifter) (D:15)
  52 yaks
  3 shadows
  2 vampires
  4 wyverns
  Eustachio (D:6)
  4 basilisks
  12 vampire mosquitoes
  4 wargs
  4 steam dragons
  Menkaure (D:6)
  5 nagas (Snake:1)
  2 acid dragons
  Duvessa (D:4)
  20 water moccasins
  A black bear (D:5)
  12 orc warriors
  A sky beast (D:5)
  17 ogres
  5 boggarts (D:14)
  20 wolves
  10 centaurs
  A kobold brigand (D:8)
  A lemure (D:6)
  7 bullfrogs
  3 scorpions (D:5)
  Dowan (D:4)
  3 wights (D:10)
  12 killer bees
  An electric eel (Lair:2)
  5 howler monkeys
  A gnoll bouda (D:5)
  3 jellies
  8 orc priests
  Crazy Yiuf (D:3)
  4 hounds
  An iguana (D:6)
  12 orc wizards
  Robin (D:4)
  4 gnolls (D:5)
  3 adders
  A shadow imp (D:7)
  A white imp (D:8)
  3 ufetubi
  2 worms
  3 dart slugs
  60 orcs
  5 bats
  10 endoplasms
  4 giant cockroaches
  16 goblins
  12 hobgoblins
  5 jackals
  5 kobolds
  2 quokkas
  10 ball pythons
  5 frilled lizards
  A rat (D:1)
579 creatures vanquished.

Vanquished Creatures (collateral kills)
  A red draconian (Volcano)
  An anaconda (Snake:1)
  7 two-headed ogres
  2 tengu warriors
  A shock serpent (Lair:3)
  A death drake (shapeshifter) (D:15)
  A skeletal warrior (D:12)
  A harpy (Lair:5)
  An orc knight (Orc:2)
  3 ugly things
  3 elephants (Lair:4)
  6 black mambas
  A cane toad (Lair:2)
  A gargoyle (D:12)
  2 unseen horrors (D:11)
  A komodo dragon (Lair:5)
  A rime drake (Lair:5)
  A yaktaur (Volcano)
  A yaktaur (shapeshifter) (D:14)
  2 trolls
  2 polar bears (shapeshifter)
  2 snapping turtles
  3 blink frogs
  5 slime creatures (D:15)
  2 shadows
  2 basilisks
  A wraith (D:9)
  10 yaks
  3 vampire mosquitoes
  An acid dragon (D:10)
  2 water moccasins
  3 orc warriors
  6 ogres (Orc:2)
  5 wolves
  A killer bee (D:9)
  4 orc priests
  3 orc wizards
  A shadow imp (D:8)
  8 orcs
  A kobold (D:8)
103 creatures vanquished.

Vanquished Creatures (others)
  15 knights
  An ancestor (D:8)
16 creatures vanquished.

Grand Total: 698 creatures vanquished

Notes
Turn   | Place    | Note
-------+----------+-------------------------------------------
     0 | D:1      | porpoise the Barachi Hunter began the quest for the Orb.
     0 | D:1      | Reached XP level 1. HP: 17/17 MP: 1/1
    47 | D:1      | Reached skill level 1 in Stealth
   102 | D:1      | Found a faded altar of an unknown god.
   162 | D:1      | Reached XP level 2. HP: 7/23 MP: 2/2
   463 | D:1      | Reached XP level 3. HP: 28/28 MP: 3/3
   622 | D:1      | You fall into a shaft and drop 1 floor!
  1293 | D:2      | Reached XP level 4. HP: 27/35 MP: 4/4
  1990 | D:3      | Reached skill level 5 in Ranged Weapons
  1995 | D:3      | Found a sparkling altar of Nemelex Xobeh.
  2236 | D:3      | Found a shimmering altar of Xom.
  2409 | D:3      | Found a runed translucent door.
  2412 | D:3      | Noticed Crazy Yiuf
  2423 | D:3      | Killed Crazy Yiuf
  2424 | D:3      | Reached XP level 5. HP: 37/42 MP: 5/5
  2447 | D:3      | Identified the +10 hammer "Beughi Waav" {speed, Fly Will-
                  | rCorr Str-3}
  2455 | D:3      | Identified the +9 hammer "Aperys" {flame, rCorr}
  2652 | D:4      | Noticed Robin
  2664 | D:4      | Killed Robin
  2740 | D:4      | Noticed Dowan
  2742 | D:4      | Noticed Duvessa
  2756 | D:4      | Killed Duvessa
  2757 | D:4      | Reached XP level 6. HP: 48/48 MP: 6/6
  2766 | D:4      | Killed Dowan
  2961 | D:4      | Identified the +6 ring mail "Yfomm" {Will- Int+3 Dex+4}
  3079 | D:4      | Found Soikaz's Assorted Antiques.
  3088 | D:4      | Bought an orange potion for 23 gold pieces
  3088 | D:4      | Bought a scroll labelled TYGGUP OCVEMUU for 26 gold pieces
  3315 | D:5      | Entered Level 5 of the Dungeon
  3315 | D:5      | Noticed a black bear
  3324 | D:5      | Killed a black bear
  3325 | D:5      | Reached XP level 7. HP: 52/55 MP: 7/7
  3396 | D:5      | Reached skill level 5 in Fighting
  3659 | D:5      | Found a bloodstained altar of Trog.
  3704 | D:5      | Reached XP level 8. HP: 51/64 MP: 8/8
  4024 | D:6      | Noticed Pikel
  4044 | D:5      | Killed Pikel
  4045 | D:5      | Reached skill level 5 in Stealth
  4546 | D:6      | Reached XP level 9. HP: 46/72 MP: 9/9
  4820 | D:6      | Reached skill level 1 in Armour
  4875 | D:6      | Noticed Eustachio
  4897 | D:6      | Killed Eustachio
  4945 | D:6      | Found a staircase to the Ecumenical Temple.
  4954 | Temple   | Entered the Ecumenical Temple
  5019 | Temple   | Became a worshipper of Hepliaklqana the Forgotten
  5046 | D:6      | Noticed Menkaure
  5049 | D:6      | Killed Menkaure
  5418 | D:4      | Bought a bone ring for 130 gold pieces
  5644 | D:6      | Found a snail-covered altar of Cheibriados.
  5912 | D:7      | Found a basalt altar of Yredelemnul.
  6051 | D:7      | Reached skill level 10 in Ranged Weapons
  6118 | D:7      | Found a glowing silver altar of Zin.
  6249 | D:7      | Found a shimmering blue altar of Sif Muna.
  6270 | D:7      | Reached * piety under Hepliaklqana
  7384 | D:9      | Noticed a two-headed ogre
  7396 | D:9      | Killed a two-headed ogre
  7397 | D:9      | Reached skill level 5 in Armour
  7397 | D:9      | Reached skill level 5 in Dodging
  7397 | D:9      | Reached XP level 10. HP: 70/71 MP: 10/10
  7418 | D:9      | Reached ** piety under Hepliaklqana
  7419 | D:9      | Remembered your ancestor Nikki as a knight
  8036 | D:9      | Identified the +7 quarterstaff of Xeegg {heavy, rElec
                  | rPois}
  8383 | D:10     | Entered Level 10 of the Dungeon
  8815 | D:10     | Found a broken altar of Ashenzari.
  8835 | D:10     | Reached XP level 11. HP: 75/75 MP: 11/11
  8962 | D:10     | Reached *** piety under Hepliaklqana
  9231 | D:10     | Found a radiant altar of Vehumet.
  9250 | D:10     | Reached skill level 1 in Staves
  9256 | D:10     | Reached skill level 1 in Invocations
  9586 | D:10     | Noticed an orange crystal statue
 10204 | D:11     | Noticed a brown ugly thing
 10218 | D:11     | Killed a brown ugly thing
 10717 | D:11     | Found a staircase to the Orcish Mines.
 10958 | D:11     | Found a shimmering altar of Xom.
 10970 | D:11     | Identified the +9 sling of the Usurping Traitor {heavy,
                  | Will+ Dex+3}
 10976 | D:11     | Identified the +5 rapier of Discomfort {vamp, rC+ Will+
                  | Str+5 Dex+4}
 11053 | D:11     | Found a staircase to the Lair.
 11065 | D:11     | Reached **** piety under Hepliaklqana
 11099 | D:11     | Reached skill level 1 in Short Blades
 11478 | D:11     | Noticed a two-headed ogre
 11481 | D:11     | Killed a two-headed ogre
 11587 | Lair:1   | Entered Level 1 of the Lair of Beasts
 11827 | Lair:1   | Reached XP level 12. HP: 81/81 MP: 13/15
 12374 | Lair:2   | Reached skill level 5 in Invocations
 12411 | Lair:2   | Reached skill level 15 in Ranged Weapons
 12445 | Lair:2   | Noticed a skyshark
 12456 | Lair:2   | Killed a skyshark
 12698 | Lair:2   | Reached ***** piety under Hepliaklqana
 12984 | Lair:2   | Noticed a skyshark
 12992 | Lair:2   | Killed a skyshark
 13213 | Lair:2   | Found a staircase to the Shoals.
 13440 | Lair:3   | Gained mutation: You can hop long distances. [Barachi
                  | growth]
 13440 | Lair:3   | Reached XP level 13. HP: 90/90 MP: 17/17
 13662 | Lair:3   | Reached skill level 10 in Fighting
 13721 | Lair:3   | Reached skill level 5 in Short Blades
 14209 | Lair:3   | Found a staircase to the Snake Pit.
 14826 | Lair:4   | Reached skill level 1 in Evocations
 14906 | Lair:4   | Found a staircase to the Slime Pits.
 14908 | Lair:4   | Found a viscous altar of Jiyva.
 15407 | Lair:5   | Entered Level 5 of the Lair of Beasts
 15543 | Lair:5   | Reached XP level 14. HP: 87/103 MP: 19/19
 15705 | Lair:5   | Reached skill level 5 in Evocations
 15949 | Lair:5   | Found the +8 trident of the Octopus King {venom, rElec
                  | rPois}
 15994 | Lair:5   | Identified the amulet "Maxt" {RegenMP Fragile Str+3 Dex+2
                  | Stlth+}
 15999 | Lair:5   | Reached ****** piety under Hepliaklqana
 16179 | Lair:5   | Reached skill level 10 in Short Blades
 18472 | D:13     | Found a transporter.
 18472 | D:13     | Noticed Jamimocw's ghost (journeyman MiGl)
 18496 | D:13     | Found a transporter.
 19077 | D:13     | Identified the +8 dagger of Cecs {speed, rElec}
 19093 | D:13     | Reached XP level 15. HP: 112/112 MP: 21/21
 19357 | D:14     | Found a gate to the Vaults.
 20095 | D:14     | Identified the +0 ring mail "Tewobaip" {Harm rC+ Slay+2}
 20586 | D:15     | Entered Level 15 of the Dungeon
 20674 | D:15     | Reached skill level 10 in Armour
 20992 | D:15     | Found a blossoming altar of Fedhas.
 21177 | D:15     | Paralysed by an ogre mage for 5 turns
 21431 | D:15     | Paralysed by a great orb of eyes for 2 turns
 21691 | D:15     | Found a staircase to the Depths.
 21895 | Orc:1    | Entered Level 1 of the Orcish Mines
 22183 | Orc:1    | Found Kaskasch's General Store.
 22437 | Orc:2    | Entered Level 2 of the Orcish Mines
 22461 | Orc:2    | Found a staircase to the Elven Halls.
 22479 | Orc:2    | Found a dark tunnel.
 22491 | Volcano  | Entered a volcano
 22513 | Volcano  | Found a radiant altar of Vehumet.
 22537 | Volcano  | Reached XP level 16. HP: 61/120 MP: 22/22
 22765 | Volcano  | Reached XP level 17. HP: 123/126 MP: 22/24
 23121 | Orc:2    | Reached skill level 15 in Fighting
 23209 | Orc:2    | Found Luyddi's Weapon Shoppe.
 23267 | Orc:2    | Paralysed by an ogre mage for 3 turns
 23528 | Orc:2    | Found Rivyzar's Jewellery Shoppe.
 23535 | Orc:2    | Found Ciskomin's General Store.
 23538 | Orc:2    | Found Zugaqaqi's Assorted Antiques.
 23545 | Orc:2    | Found Beeceh's Weapon Emporium.
 23550 | Orc:2    | Bought a scroll of enchant weapon for 150 gold pieces
 23901 | Snake:1  | Entered Level 1 of the Snake Pit
 23909 | Snake:1  | Reached skill level 10 in Dodging
 24161 | Snake:1  | Found a radiant altar of Vehumet.
 24263 | Snake:1  | Paralysed by a naga for 2 turns
 24569 | Snake:1  | Found a transporter.
 24795 | Snake:1  | HP: 3/129 [salamander tyrant (28)]
 24795 | Snake:1  | Shot with an arrow by a naga sharpshooter

Illustrated notes

Levels and vault maps discovered:
D:1:      ncdulo_wetmaze, layout_loops_ring, ebering_ecumenical_altar_hall,
          chequers_serial_rivers_room_b, minmay_tetromino_i2
D:2:      layout_basic
D:3:      layout_loops_ring, old_standard_altar, nemelex_diamond_rough_becter,
          uniq_crazy_yiuf_cottage
D:4:      layout_loops_ring, nicolae_stop_n_shop_2, uniq_duvessa, uniq_robin
D:5:      layout_rooms, mainiacjoe_overflow_paths, minmay_misc_feat_hallway
D:6:      layout_cave_pods, lemuel_doored_altar, temple_fountains,
          minmay_misc_feat_encased, minmay_misc_feat_square, serial_park_tiny_2,
          chequers_serial_rivers_small_a, corexii_corridor_pit, hex_large,
          uniq_eustachio, uniq_pikel, uniq_menkaure
D:7:      layout_gridville, old_standard_altar, nicolae_sif_muna_condensation,
          mainiacjoe_overflow_24_doors
D:8:      layout_rooms
D:9:      layout_grid_maze, hangedman_corner_corridor
D:10:     layout_layer_cave, cheibrodos_ashenzari_chains,
          nicolae_vehumet_radiance, minmay_statue_bubble
D:11:     layout_small_grid, lair_entry_dummy, erik_orc_4, chequers_avenue,
          tgw_xom
D:12:     layout_basic, argonaut_gorgonesque
D:13:     layout_irregular_city, gammafunk_ghost_stat_death
D:14:     layout_long_grid, david_vaults_4, hangedman_decor_opposing,
          eino_small_chamber_without_monster, serial_park_tiny_1
D:15:     gammafunk_enter_depths_forms, layout_irregular_city, fedhas_altar_2,
          minmay_circle_x
Temple:   nicolae_temple_god_jail
Lair:1:   layout_hall_layers, grunt_megastairs_5, lemuel_fruit_tree
Lair:2:   layout_regular_city, minmay_shoals_entry_hut, serial_bayou_crossing
Lair:3:   layout_cave_shapes, minmay_snake_entry_six_corridors, dpeg_oklob_1
Lair:4:   layout_misc_corridors, dpeg_slime_entry_corner
Lair:5:   gammafunk_lair_ancient_temple, layout_regular_city
Snake:1:  layout_layer_cave, gammafunk_ghost_abyssal_escape, basic_altar,
          nicolae_snake_snakes_in_the_grass
Orc:1:    layout_caves, basic_altar, serial_shops, nicolae_square_shop
Orc:2:    st_orc_open, layout_caves, nicolae_volcano_entry_hallway,
          serial_shops, shop

Skill      XL: |  1  2  3  4  5  6  7  8  9 10 11 12 13 14 15 16 17 |
---------------+----------------------------------------------------+-----
Stealth        | 1 2 3 4 5 7 |  7.0
Fighting       | 3 4 5 7 9 12 13 14 16 | 16.0
Ranged Weapons | 5 6 7 9 11 12 14 15 16 | 16.0
Armour         | 5 7 8 9 11 12 | 12.0
Dodging        | 5 7 9 10 | 10.7
Staves         | 3 |  3.4
Invocations    | 4 6 7 8 9 |  9.6
Short Blades   | 3 4 8 10 11 | 11.6
Evocations     | 4 5 6 7 |  7.1

Action                     |  1- 3 |  4- 6 |  7- 9 | 10-12 | 13-15 | 16-18 || total
---------------------------+-------+-------+-------+-------+-------+-------++-------
  Melee: Quarterstaff      |     4 |       |       |    93 |       |       ||    97
         Mace              |       |    27 |    79 |     8 |       |       ||   114
         Punch             |       |     1 |       |     4 |     3 |     1 ||     9
         Rapier            |       |       |       |   120 |   160 |    88 ||   368
         Orcbow            |       |       |       |       |     4 |       ||     4
   Fire: Shortbow          |   117 |   103 |   207 |   123 |       |       ||   550
         Orcbow            |       |       |       |    70 |   478 |   202 ||   750
         Sling             |       |       |       |   173 |   333 |       ||   506
  Throw: Dart              |       |       |     1 |     1 |       |       ||     2
 Invoke: Ancestor Identity |       |       |     1 |       |       |       ||     1
         Ancestor Life: Kn |       |       |       |     1 |       |       ||     1
         Idealise          |       |       |       |       |     1 |     1 ||     2
         Recall Ancestor   |       |       |       |       |       |     1 ||     1
Ability: Hop               |       |       |       |       |       |     1 ||     1
  Evoke: Wand              |       |       |       |       |     3 |     1 ||     4
         Tin of tremorston |       |       |       |       |     1 |     2 ||     3
         Lightning rod     |       |       |       |       |       |     3 ||     3
    Use: Scroll            |       |     2 |     8 |    10 |    13 |     3 ||    36
         Potion            |       |       |       |       |       |     6 ||     6
   Stab: Sleeping          |       |     1 |       |       |       |       ||     1
         Distracted        |       |       |       |       |     2 |     1 ||     3
         Invisible         |       |       |       |       |       |     1 ||     1
         Paralysed         |       |       |       |       |       |     1 ||     1
 Armour: Leather armour    |    20 |    21 |       |       |       |       ||    41
         Ring mail         |       |    12 |    69 |   109 |   159 |    41 ||   390
  Dodge: Dodged            |    45 |    32 |    72 |   328 |   311 |   134 ||   922
  Block: Other             |       |       |     9 |    62 |    84 |    43 ||   198
         Reflection        |       |       |     2 |     1 |     8 |     1 ||    12

Table legend: (Time is in decaauts)
 A = Elapsed time spent in this place.
 B = Non-inter-level travel time spent in this place.
 C = Inter-level travel time spent in this place.
 D = Time resting spent in this place.
 E = Time spent auto-exploring this place.
 F = Levels seen in this place.
 G = Mean time per level.
                   A        B        C        D        E       F      G
               +--------+--------+--------+--------+--------+-----+--------+
         Total |  28044 |  26421 |   1623 |   5462 |  15872 |  25 | 1121.8 |
       Dungeon |  18568 |  17555 |   1013 |   3510 |  11256 |  15 | 1237.9 |
        Temple |     99 |     78 |     21 |      0 |     28 |   1 |   99.0 |
          Lair |   6632 |   6118 |    514 |   1372 |   3136 |   5 | 1326.4 |
     Snake Pit |    699 |    699 |      0 |    243 |    295 |   1 |  699.0 |
  Orcish Mines |   1630 |   1557 |     73 |    182 |   1060 |   2 |  815.0 |
       Volcano |    415 |    415 |      0 |    154 |     95 |   1 |  415.0 |
               +--------+--------+--------+--------+--------+-----+--------+

Top non-repeatable levels by time:
    D:10: 2169 daAuts
  Lair:3: 1680 daAuts
     D:6: 1594 daAuts
    D:11: 1580 daAuts
    D:12: 1542 daAuts
  Lair:5: 1515 daAuts
    D:15: 1348 daAuts
  Lair:1: 1312 daAuts
  Lair:2: 1289 daAuts
    D:14: 1263 daAuts
     D:9: 1215 daAuts
    D:13: 1196 daAuts
     D:5: 1152 daAuts
     D:3: 1093 daAuts
   Orc:2: 982 daAuts
